 Dungeon Crawl Stone Soup version 0.29-a0-218-gf2abdc9806 (webtiles) character file.

Game seed: 3268133026915294806

501 Colgate the Conjurer (level 6, -4/41 HPs)
             Began as a Demonspawn Conjurer on Feb 25, 2022.
             Was a Believer of Makhleb.
             Slain by a sky beast (5 damage)
             ... on level 4 of the Dungeon.
             The game lasted 00:12:42 (6318 turns).

Colgate the Conjurer (Demonspawn Conjurer)          Turns: 6318, Time: 00:12:42

Health: -4/41      AC:  2    Str:  7    XL:     6   Next: 95%
Magic:  4/10       EV: 12    Int: 21    God:    Makhleb [**....]
Gold:   93         SH:  4    Dex: 12    Spells: 4/11 levels left

rFire   . . .      SeeInvis .   l - +2 short sword (speed)
rCold   . . .      Faith    .   (no shield)
rNeg    . . .      Spirit   .   a - +0 robe
rPois   .          Reflect  .   (no helmet)
rElec   .          Harm     .   (no cloak)
rCorr   .          Rampage  .   (no gloves)
Will    .....                   (no boots)
Stlth   ++........              (no amulet)
HPRegen 0.13/turn               (no ring)
MPRegen 0.12/turn               (no ring)

@: no status effects
A: large bone plates 1, ignite blood 1
a: Renounce Religion, Minor Destruction


You were on level 4 of the Dungeon.
You worshipped Makhleb.
Makhleb was pleased with you.
You visited 1 branch of the dungeon, and saw 5 of its levels.

You collected 249 gold pieces.
You spent 156 gold pieces at shops.

Inventory:

Hand Weapons
 b - a +0 dagger
 h - a +0 spear
 k - a +0 mace
 l - a +2 short sword of speed (weapon)
 m - a +0 scimitar
Armour
 a - a +0 robe (worn)
Wands
 q - a wand of paralysis (5)
 r - a wand of polymorph (12)
Scrolls
 c - a scroll of noise
 d - 5 scrolls of teleportation {@r3}
 e - 2 scrolls of amnesia
 i - a scroll of holy word
 j - a scroll of torment {unknown}
 p - a scroll of acquirement {unknown}
 s - a scroll of magic mapping {unknown}
 t - a scroll of blinking {unknown}
Potions
 f - a potion of brilliance {unknown}
 g - 5 potions of curing {@q1}
 n - a potion of degeneration {unknown}
 o - a potion of haste {@q4}


   Skills:
 - Level 1.7 Dodging
 - Level 1.7 Stealth
 - Level 3.0 Spellcasting
 + Level 7.7 Conjurations
 - Level 1.5 Hexes


You had 4 spell levels left.
You knew the following spells:

 Your Spells              Type           Power      Damage    Failure   Level
a - Magic Dart            Conj           100%       1d8       1%          1
b - Searing Ray           Conj           70%        2d7       1%          2
c - Fulminant Prism       Conj/Hex       11%        3d9       19%         4

Your spell library contained the following spells:

 Spells                   Type           Power      Damage    Failure   Level
 Dazzling Flash           Conj/Hex       44%        N/A       6%          3
 Ensorcelled Hibernation  Hex/Ice        12%        N/A       14%         2
 Mephitic Cloud           Conj/Pois/Air  14%        N/A       14%         3
 Iskenderun's Mystic Bla  Conj/Tloc      19%        2d6       26%         4
 Ignite Poison            Fire/Tmut/Pois 3%         N/A       36%         3
 Spider Form              Tmut/Pois      3%         N/A       36%         3
 Anguish                  Hex/Necr       3%         N/A       67%         4
 Summon Ice Beast         Ice/Summ       3%         N/A       78%         4
 Freezing Cloud           Conj/Ice/Air   7%         6-21      77%         5
 Silence                  Hex/Air        3%         N/A       95%         5
 Summon Mana Viper        Hex/Summ       6%         N/A       95%         5
 Agony                    Necr           3%         N/A       98%         5
 Dispersal                Tloc           1%         N/A       100%        6
 Monstrous Menagerie      Summ           1%         N/A       100%        7
 Disjunction              Tloc           1%         N/A       100%        8


Dungeon Overview and Level Annotations

Branches:
Dungeon (5/15)
 Temple: D:4-7

Altars:
Cheibriados
Dithmenos
Kikubaaqudgha
Makhleb
Ru
Trog
Yredelemnul

Shops:
D:2 !


Innate Abilities, Weirdness & Mutations

You are partially covered in large bone plates. (SH +4)
Your demonic aura sometimes causes spilled blood to erupt in flames.


Message History

Deactivating autopickup; reactivate with Ctrl-A.
Something hits you. Something shocks you.
There is a stone staircase leading up here.
Casting: Fulminant Prism (quite dangerous; 19% risk of failure)
Aiming: Fulminant Prism (quite dangerous; 19% risk of failure)
You conjure a prism of explosive energy!
A fulminant prism comes into view.
Something barely misses you.
Your fulminant prism crackles loudly.
Your fulminant prism explodes!
The blast of energy engulfs something!
You hear an angry hiss.
You hear a shout!
Casting: Fulminant Prism (quite dangerous; 19% risk of failure)
Aiming: Fulminant Prism (quite dangerous; 19% risk of failure)
You conjure a prism of explosive energy!
A fulminant prism comes into view.
Something hits you. Something shocks you.
Your fulminant prism crackles loudly.
Your fulminant prism explodes!
Something hits you. Something shocks you. Something hits you.
Something shocks you.
* * * LOW HITPOINT WARNING * * *
An iguana comes into view.
A sky beast appears from thin air!
Reactivating autopickup.
There is a stone staircase leading up here.
The sky beast hits you.
* * * LOW HITPOINT WARNING * * *
The sky beast shocks you.
* * * LOW HITPOINT WARNING * * *
You climb upwards.
There is a stone staircase leading down here.
The sky beast flickers out of sight!
Deactivating autopickup; reactivate with Ctrl-A.
A sky beast appears from thin air!
Reactivating autopickup.
The sky beast hits you.
* * * LOW HITPOINT WARNING * * *
The sky beast shocks you.
You die...

.......# .......# .......##
############## ........#
#............#
........#######.#.........##
..............[.#..<....####
..)..............<>........#
........#..........#..##.###
........#.####..@Y§....#.#
........#.# #...#..####.#
#######.#.####...#.......#
#######)#...........######
........#.####.#######
........#.# #.......#
.......)############.#
....[................#
.......############..#


You could see a sky beast.

Vanquished Creatures
  An ogre (D:4)
  A phantom (D:4)
  2 hounds
  2 iguanas (D:4)
  7 adders
  8 gnolls
  3 worms
  4 dart slugs
  4 orcs
  4 ball pythons
  4 bats
  7 endoplasms
  3 giant cockroaches
  5 goblins
  11 hobgoblins
  4 kobolds
  2 quokkas
  A frilled lizard (D:2)
  7 rats
80 creatures vanquished.

Vanquished Creatures (others)
  8 fulminant prisms
8 creatures vanquished.

Grand Total: 88 creatures vanquished

Notes
Turn   | Place    | Note
-------+----------+-------------------------------------------
     0 | D:1      | Colgate the Demonspawn Conjurer began the quest for the
                  | Orb.
     0 | D:1      | Reached XP level 1. HP: 13/13 MP: 3/3
   106 | D:1      | Gained mutation: Your demonic aura sometimes causes spilled
                  | blood to erupt in flames. [demonic ancestry]
   106 | D:1      | Reached XP level 2. HP: 19/19 MP: 0/5
   109 | D:1      | Learned a level 2 spell: Searing Ray
   416 | D:1      | Found a faded altar of an unknown god.
   464 | D:1      | Prayed at the altar of an unknown god.
   464 | D:1      | Became a worshipper of Makhleb the Destroyer
   464 | D:1      | Reached * piety under Makhleb
   961 | D:1      | Reached skill level 5 in Conjurations
  1120 | D:2      | Reached XP level 3. HP: 6/24 MP: 2/6
  1554 | D:2      | Reached XP level 4. HP: 30/30 MP: 2/7
  2197 | D:2      | Reached skill level 6 in Conjurations
  2267 | D:2      | Learned a level 4 spell: Fulminant Prism
  2280 | D:2      | Reached skill level 1 in Hexes
  2343 | D:2      | Reached XP level 5. HP: 35/35 MP: 6/8
  2393 | D:2      | Found Biwugei's Distillery.
  2427 | D:2      | Bought a potion of curing for 36 gold pieces
  2771 | D:2      | Reached ** piety under Makhleb
  3650 | D:3      | Found a shadowy altar of Dithmenos.
  3650 | D:3      | Found a burning altar of Makhleb.
  3650 | D:3      | Found an ancient bone altar of Kikubaaqudgha.
  3650 | D:3      | Found a sacrificial altar of Ru.
  3703 | D:3      | Found a bloodstained altar of Trog.
  3708 | D:3      | Found a basalt altar of Yredelemnul.
  3869 | D:2      | Bought a potion of haste for 120 gold pieces
  4345 | D:4      | Gained mutation: You are partially covered in large bone
                  | plates. (SH +4) [demonic ancestry]
  4345 | D:4      | Reached XP level 6. HP: 41/41 MP: 4/10
  4869 | D:4      | Reached skill level 7 in Conjurations
  5054 | D:4      | Found a snail-covered altar of Cheibriados.
  5742 | D:5      | Entered Level 5 of the Dungeon
  5771 | D:5      | Noticed a water moccasin
  5910 | D:5      | Noticed a sky beast
  6318 | D:4      | HP: 1/41 [sky beast (3)]
  6318 | D:4      | Slain by a sky beast

Illustrated notes

Levels and vault maps discovered:
D:1:      dpeg_arrival_rooms_c, layout_rooms,
          chequers_ecumenical_altar_simple_redux, dk_noncrumbling_2
D:2:      layout_basic, serial_shops, nicolae_shop_statue_plus
D:3:      layout_rooms, minmay_overflow_temple_hex
D:4:      layout_basic, overflow_temple_1_default
D:5:      layout_cave_pods, uniq_crazy_yiuf_cottage, uniq_ijyb

Skill      XL: |  1  2  3  4  5  6 |
---------------+-------------------+-----
Conjurations   | 5 6 7 |  7.7
Hexes          | 1 |  1.5
Spellcasting   | 3 |  3.0
Dodging        | |  1.7
Stealth        | |  1.7

Action                   |  1- 3 |  4- 6 || total
-------------------------+-------+-------++-------
Melee: Dagger            |    15 |       ||    15
       Unarmed           |     1 |       ||     1
       Short sword       |       |     2 ||     2
 Cast: Magic Dart        |    37 |    55 ||    92
       Searing Ray       |     7 |    26 ||    33
       Fulminant Prism   |       |     8 ||     8
  Use: Scroll            |       |     4 ||     4
Armor: Robe              |     8 |       ||     8
Dodge: Dodged            |    17 |     7 ||    24
Block: Other             |       |     1 ||     1

Table legend: (Time is in decaauts)
 A = Elapsed time spent in this place.
 B = Non-inter-level travel time spent in this place.
 C = Inter-level travel time spent in this place.
 D = Time resting spent in this place.
 E = Time spent auto-exploring this place.
 F = Levels seen in this place.
 G = Mean time per level.
                   A        B        C        D        E       F      G
               +--------+--------+--------+--------+--------+-----+--------+
         Total |   6331 |   5648 |    683 |      0 |   5009 |   5 | 1266.2 |
       Dungeon |   6331 |   5648 |    683 |      0 |   5009 |   5 | 1266.2 |
               +--------+--------+--------+--------+--------+-----+--------+

Top non-repeatable levels by time:
     D:4: 1953 daAuts
     D:2: 1735 daAuts
     D:1: 1392 daAuts
     D:3: 983 daAuts
     D:5: 266 daAuts
